[Event "Swiss Championship U16 2022"]
[Site "Biel"]
[Date "2022.07.18"]
[Round "2.3"]
[White "Rotunno, Flavio"]
[Black "Kasipour Azbari, Seyed Arvin"]
[Result "1/2-1/2"]
[ECO "D45"]
[WhiteElo "1901"]
[BlackElo "1944"]
[Annotator "TA"]
[PlyCount "70"]
[EventDate "2022.07.18"]
[EventType "swiss"]
[EventCountry "SUI"]
[SourceTitle "playchess.com"]
[Source "ChessBase"]
[SourceQuality "1"]
[TimeControl "5400+30"]

1. d4 d5 2. c4 c6 3. Nc3 Nf6 4. Nf3 e6 5. e3 Nbd7 6. Qc2 Bd6 7. b3 O-O 8. Be2 Re8 9. O-O e5 10. cxd5 {[%emt 0:02:33] D45: Semi-Slav: 5 e3.} cxd5 11. Nb5 Bb8 12. dxe5 {[%emt 0:03:26] White has an edge.} Nxe5 13. Nxe5 Bxe5 14. Bb2 {[%emt 0:12:45] [#]} Bxb2 (14... Bf5 $1 $11 15. Qxf5 Bxb2) 15. Qxb2 $14 a6 16. Nd4 {[%emt 0:05:42] [#]} Qb6 $146 ({Predecessor:} 16... Bg4 17. Bxg4 Nxg4 18. h3 Nf6 19. Rac1 Qd7 20. Rc2 Rac8 {½-½ (20) Huang,M (1968)-Hu,Y (1976) Jiangmen 2018}) 17. Bf3 Bg4 18. Bxg4 Nxg4 19. h3 Ne5 20. Rfd1 Rac8 21. Ne2 Qf6 {[%emt 0:07:59][%cal Oe5f3] [#] Strongly threatening ...Nf3+!} 22. Qd2 Red8 23. Rac1 Rxc1 24. Qxc1 Nc6 25. Nd4 Nxd4 26. Rxd4 {[%emt 0:01:44][%mdl 4096] Endgame KQR-KQR} Qb6 (26... Qe5 $142) 27. Qd2 $16 Qc5 28. e4 Rc8 29. Rxd5 Qc1+ 30. Qxc1 Rxc1+ {[%emt 0:00:00] KR-KR} 31. Kh2 g6 32. Rd7 {[%emt 0:02:25] Hoping for f3.} Rc2 33. f3 {[%emt 0:05:08] Threatens to win with a4.} b5 34. a4 Rc3 35. axb5 ({White should play} 35. a5 $16) 35... axb5 {[%emt 0:02:02] Weighted Error Value: White=0.09 (flawless) /Black=0.13 (very precise)} 1/2-1/2

[Event "Swiss Championship U16 2022"]
[Site "Biel"]
[Date "2022.07.18"]
[Round "2.4"]
[White "Kwiatkowski, Jakub"]
[Black "Gemelli, Romain"]
[Result "0-1"]
[ECO "B30"]
[WhiteElo "1770"]
[BlackElo "2045"]
[Annotator "TA"]
[PlyCount "80"]
[EventDate "2022.07.18"]
[EventType "swiss"]
[EventCountry "SUI"]
[SourceTitle "playchess.com"]
[Source "ChessBase"]
[SourceQuality "1"]
[TimeControl "5400+30"]

1. e4 c5 2. Nc3 Nc6 3. Nf3 e5 4. Bc4 d6 5. O-O Be7 6. d3 Nf6 7. a4 {[%emt 0:02:17] B30: Sicilian: 2...Nc6 3 Bb5, lines without ...g6.} O-O 8. h3 Ne8 {[%emt 0:08:49] [#]} 9. Ne1 $146 {[%emt 0:03:37] White has an edge.} ({Predecessor:} 9. Nd5 Be6 10. c3 Rc8 11. Ba2 a6 12. d4 cxd4 13. cxd4 exd4 14. Nxd4 Bxd5 15. Bxd5 {1-0 (44) Debevec,B (2114)-Janzelj,L (1884) Slovenia 2014}) 9... Bg5 10. f4 exf4 11. Bxf4 Bxf4 12. Rxf4 Nc7 13. Qh5 Ne6 14. Rf2 Ne5 15. Ba2 a6 16. Nf3 (16. Nd5 $14) 16... Nf4 $15 17. Nxe5 Nxh5 18. Nxf7 {[%emt 0:13:30] [#]} Rxf7 19. Bxf7+ Kh8 {[%emt 0:06:18] Threatens to win with ...g6.} 20. Bxh5 g6 (20... Be6 $15) 21. Raf1 Be6 $36 {[%emt 0:03:08][%mdl 2048] Black fights for an advantage.} 22. Rf6 {[%emt 0:00:30] Black continues to play with concentration.} ({White should try} 22. Bg4 $15 Bg8 23. Nd5) 22... Bg8 $1 $17 23. Bg4 {[%emt 0:00:44] [#]} Kg7 $1 24. e5 dxe5 25. Ne4 Qe7 26. Rd6 {[%emt 0:02:34] [#] Black must now prevent Rd7.} Rd8 {[%emt 0:01:48] Inhibits Rd7.} 27. Rff6 c4 28. Rxd8 (28. dxc4 $17 {was the only chance.} Bxc4 29. Rxd8 Qxd8 30. Rd6) 28... Qxd8 $19 29. Rd6 Qa5 30. Rd7+ Kh6 31. Nf6 $2 (31. Bf3 Bd5 32. b4 cxb3 33. cxb3) 31... Qb6+ 32. d4 Qxf6 33. dxe5 Qxe5 34. Rxb7 Qe1+ 35. Kh2 Qe5+ 36. Kg1 Bd5 {[%emt 0:00:14] ( -> ...Qe1+). Black is clearly winning.} 37. Rd7 Be6 38. Bxe6 Qxe6 39. Rd1 Qe3+ 40. Kh1 Qe2 {[%emt 0:00:52] Weighted Error Value: White=0.95/Black=0.52} 0-1

[Event "Swiss Championship U16 2022"]
[Site "Biel"]
[Date "2022.07.18"]
[Round "2.5"]
[White "Schellenberg, Simon"]
[Black "Papaux, Steve"]
[Result "1-0"]
[ECO "C65"]
[WhiteElo "1899"]
[BlackElo "2031"]
[Annotator "TA"]
[PlyCount "165"]
[EventDate "2022.07.18"]
[EventType "swiss"]
[EventCountry "SUI"]
[SourceTitle "playchess.com"]
[Source "ChessBase"]
[SourceQuality "1"]
[TimeControl "5400+30"]

1. e4 e5 2. Nf3 Nc6 3. Bb5 Nf6 4. Bxc6 dxc6 5. d3 Bd6 6. h3 {[%emt 0:00:00] C65: Ruy Lopez: Berlin Defence (3...Nf6), unusual lines and 4 0-0 Bc5.} c5 7. Nbd2 h6 {[%emt 0:07:01] [#]} 8. b3 $146 {[%emt 0:03:05] White has an edge.} ({Predecessor:} 8. Nc4 Qe7 9. b3 b5 10. Nxd6+ cxd6 11. a4 b4 12. Bb2 O-O 13. O-O Nh7 14. Nd2 {0-1 (45) Holopainen,T (2170)-Lehti,J (2239) Finland 2008}) 8... Be6 9. Bb2 Nd7 10. Qe2 Qe7 11. Nf1 f6 12. Nh4 Nf8 {[%emt 0:02:00] Inhibits Ng6.} 13. Ne3 g6 14. O-O-O O-O-O 15. g3 c6 16. Rdf1 Rg8 17. Nhg2 (17. f4 $16) 17... Bf7 18. Qd2 Ne6 19. Ng4 (19. f4 $14) 19... h5 (19... c4 $1 $11) 20. Nh6 $14 Rge8 21. f4 Nd4 22. Nxf7 Qxf7 23. fxe5 (23. Nh4 $14) 23... Bxe5 $11 24. g4 hxg4 25. hxg4 Qe6 26. Ne3 g5 27. Kb1 Bf4 28. Qf2 Rh8 29. Nf5 Nxf5 30. exf5 ({Much weaker is} 30. gxf5 Qe7 $11) 30... Qd6 31. Qg2 (31. Qe1 $16) 31... Rhe8 32. Rh6 Be5 33. Qd2 Bd4 34. Re1 Re5 35. Reh1 (35. Bxd4 $14 cxd4 36. Rxe5 Qxe5 37. Qb4) 35... Bxb2 36. Kxb2 Qd4+ 37. Qc3 {[%emt 0:00:35] aiming for Qxd4.} Qxg4 38. Rxf6 (38. Rh7 {is more complex.} Red5 39. Qa5 Qd4+ 40. Kb1) 38... Rxf5 39. Rg1 Qf4 40. Rg6 Qe3 41. Rh1 Rf2 42. Re1 {[%emt 0:00:59][%mdl 64] Deflection} Qf4 (42... Qxd3 $11 43. Qxd3 Rxd3) 43. Qxc5 {[%emt 0:03:26] Hoping for Re7.} Qd2 $2 (43... Qf5 $16 44. Qxf5+ (44. Rxg5 Rxc2+ 45. Qxc2 Qxg5 $11) 44... Rxf5) 44. Re7 Qf4 {[%emt 0:03:28] [#]} 45. Rxc6+ $1 Kb8 46. Rcc7 (46. Qb5 $142 Rxc2+ 47. Kxc2 Qf2+ 48. Kb1 Qg1+ 49. Rc1 Qb6 50. Re8 $1 a5 51. Qxb6) 46... Qf6+ $18 47. Qc3 Qxc3+ 48. Kxc3 Rc8 49. Rxc8+ Kxc8 {[%emt 0:00:01][%mdl 4096] Endgame KR-KR} 50. Rg7 Rg2 51. d4 g4 52. Kd3 Rg3+ 53. Kc4 $1 Rg2 54. c3 Rxa2 55. Rxg4 Rh2 56. Rg7 Rh3 (56... a6 $16 57. Rf7 Rh5) 57. Kb4 a5+ $2 (57... a6 $16 58. Kc4 Rh4) 58. Kxa5 Rxc3 59. Kb4 {[%emt 0:00:06] White is more active.} Rc1 (59... Re3 $16 60. d5 b5 61. Kxb5 Rxb3+ 62. Kc6 Rc3+ 63. Kd6 Rd3 64. Rc7+ Kd8) 60. Rg5 $1 Kd7 61. Kb5 $1 Rd1 62. Kc5 {[%emt 0:00:49] Threatens to win with b4.} Rd3 {[%emt 0:03:20] [#]} 63. b4 $1 {[%emt 0:00:30][%cal Bb3b4,Bb4b5,Bb5b6][%mdl 32] Intending Kb6 and mate.} Rc3+ 64. Kb6 {[%emt 0:01:37] White mates.} Rc4 65. b5 Rxd4 66. Kxb7 Rd3 67. Rc5 Kd6 68. Rc1 Kd7 69. b6 Rd2 70. Ra1 Rb2 71. Ra4 Kd6 72. Ka6 Kc6 73. Rc4+ Kd5 74. Rc8 Kd6 75. b7 Ra2+ 76. Kb6 Rb2+ 77. Ka7 Ra2+ {[%emt 0:00:02] [#]} 78. Kb8 $1 Rb2 79. Rc1 Kd7 80. Ra1 Kc6 81. Ra6+ Kd7 82. Ka8 Kc7 83. Ra7 {[%emt 0:00:07] Weighted Error Value: White=0.28 (precise) /Black=0.61} 1-0

[Event "Swiss Championship U16 2022"]
[Site "Biel"]
[Date "2022.07.18"]
[Round "2.6"]
[White "Sosnovski, Nikita"]
[Black "Palmonella, Valentin"]
[Result "0-1"]
[ECO "B30"]
[WhiteElo "1584"]
[BlackElo "1778"]
[Annotator "NA RC COMBH"]
[PlyCount "60"]
[EventDate "2022.07.18"]
[EventType "swiss"]
[EventCountry "SUI"]
[SourceTitle "playchess.com"]
[Source "ChessBase"]
[SourceQuality "1"]
[TimeControl "5400+30"]

1. e4 c5 2. Nf3 Nc6 3. Bb5 e6 4. O-O Nge7 5. d4 cxd4 6. Nxd4 Ng6 7. Bxc6 bxc6 8. c4 Be7 9. Nc3 O-O 10. Be3 Qa5 11. a3 Qc7 12. Rc1 a6 13. b4 c5 14. bxc5 Bxc5 15. Ra1 Bd6 16. Nf3 Qxc4 17. Na4 Qxe4 18. Nb6 Bc7 19. Nxa8 Qxa8 20. Rc1 Bb8 21. Bc5 Rd8 22. Bb6 Rf8 23. Rc3 d6 24. Qc2 Bb7 25. Rc1 h6 26. Qd1 Ne7 27. Bc7 Nd5 28. Rb3 Bxc7 29. Rxc7 Nxc7 30. h3 Bd5 0-1

[Event "Swiss Championship U16 2022"]
[Site "Biel"]
[Date "2022.07.18"]
[Round "2.7"]
[White "Saminskij, David"]
[Black "Hirzel, Cedric"]
[Result "0-1"]
[ECO "C13"]
[WhiteElo "1469"]
[BlackElo "1649"]
[Annotator "NA COMBH"]
[PlyCount "72"]
[EventDate "2022.07.18"]
[EventType "swiss"]
[EventCountry "SUI"]
[SourceTitle "playchess.com"]
[Source "ChessBase"]
[SourceQuality "1"]
[TimeControl "5400+30"]

1. e4 e6 2. d4 d5 3. Nc3 Nf6 4. Bg5 dxe4 5. Nxe4 Nbd7 6. Bc4 Be7 7. Nxf6+ Bxf6 8. Bxf6 Qxf6 9. Nf3 c5 10. c3 O-O 11. O-O Rd8 12. Qb3 cxd4 13. Nxd4 Ne5 14. Rad1 b6 15. Rd2 Bb7 16. f4 Nc6 17. Qd1 g6 18. Nxc6 Bxc6 19. Rff2 Rxd2 20. Qxd2 Rd8 21. Qe1 Qf5 22. Rd2 Qc5+ 23. Kh1 Rxd2 24. Qxd2 Qxc4 25. h3 Qd5 26. Qe2 Qxa2 27. c4 Qb1+ 28. Kh2 Qe4 29. Qd2 Qxc4 30. b3 Qd5 31. Qa2 Qxg2+ 32. Qxg2 Bxg2 33. Kxg2 Kg7 34. Kf3 Kf6 35. Ke4 Ke7 36. b4 a5 0-1

[Event "Swiss Championship U16 2022"]
[Site "Biel"]
[Date "2022.07.18"]
[Round "2.8"]
[White "Knapp, Yanik"]
[Black "Gendre, Arthur"]
[Result "1-0"]
[ECO "E32"]
[WhiteElo "1675"]
[BlackElo "1414"]
[Annotator "NA RC COMBH"]
[PlyCount "99"]
[EventDate "2022.07.18"]
[EventType "swiss"]
[EventCountry "SUI"]
[SourceTitle "playchess.com"]
[Source "ChessBase"]
[SourceQuality "1"]
[TimeControl "5400+30"]

1. d4 Nf6 2. c4 e6 3. Nc3 Bb4 4. Qc2 O-O 5. a3 Bxc3+ 6. Qxc3 b6 7. Bg5 Bb7 8. e3 h6 9. Bh4 d5 10. Nf3 Nbd7 11. Be2 c5 12. O-O Rc8 13. Rac1 Ne4 14. Bxd8 Nxc3 15. bxc3 Rfxd8 16. cxd5 Bxd5 17. Nd2 cxd4 18. cxd4 Nf6 19. Ba6 Rxc1 20. Rxc1 Kf8 21. f3 Rd7 22. Kf2 Ne8 23. Rc8 Rc7 24. e4 Rxc8 25. Bxc8 Bc6 26. Ba6 Ke7 27. Ke3 Nc7 28. Bc4 Bb5 29. Kd3 Kd6 30. Nb1 Bxc4+ 31. Kxc4 a6 32. a4 b5+ 33. axb5 axb5+ 34. Kb4 g6 35. Nc3 Kc6 36. h4 f6 37. Ka5 h5 38. g4 f5 39. g5 f4 40. Ne2 e5 41. dxe5 Ne6 42. Kb4 Kb6 43. Nc3 Nd4 44. Nd5+ Kb7 45. Nxf4 Nxf3 46. Nxg6 Kc6 47. e6 Kd6 48. e7 Kd7 49. Kxb5 Nd4+ 50. Kc4 1-0

[Event "Swiss Championship U16 2022"]
[Site "Biel"]
[Date "2022.07.19"]
[Round "3.1"]
[White "Gemelli, Romain"]
[Black "Kostov, Kyrill"]
[Result "1-0"]
[ECO "A57"]
[WhiteElo "2045"]
[BlackElo "2008"]
[Annotator "TA"]
[PlyCount "81"]
[EventDate "2022.07.18"]
[EventType "swiss"]
[EventCountry "SUI"]
[SourceTitle "playchess.com"]
[Source "ChessBase"]
[SourceQuality "1"]
[TimeControl "5400+30"]

1. d4 Nf6 2. c4 c5 3. d5 b5 4. Nf3 d6 5. cxb5 a6 6. e3 g6 7. Nc3 Bg7 8. a4 O-O 9. e4 {[%emt 0:16:27] A57: Benko/Volga Gambit.} Ne8 (9... e6 $14) 10. Bf4 {[%emt 0:04:21] [#]} axb5 $146 ({Predecessor:} 10... Qa5 11. Bd2 axb5 12. Nxb5 Qb6 13. Bc3 Nc7 14. h4 h5 15. Nd2 Ba6 16. Nxc7 Qxc7 {½-½ (51) Polyakov,M (2305)-Grekh,A (2376) Odessa 2008}) 11. axb5 {[%emt 0:10:24] White is better.} Bb7 (11... Rxa1 $14 12. Qxa1 f5) 12. Rxa8 $16 Bxa8 13. Be2 Nd7 14. O-O Nc7 15. Qd2 {[%emt 0:04:36] White is more active.} Qb8 16. Ra1 Re8 17. h4 Nb6 18. h5 Bb7 19. Ra3 Bc8 20. hxg6 hxg6 21. e5 Rd8 $2 (21... Bg4 {is a better defense.}) 22. Bg5 $18 Bf8 (22... Re8 {keeps fighting.} 23. e6 Bxc3 24. bxc3 (24. Qxc3 Ncxd5 25. exf7+ Kxf7 $16) 24... Ncxd5 25. exf7+ Kxf7) 23. Bh6 {[%emt 0:04:42] [#] Threatens to win with Bxf8.} Bg7 24. e6 Bxe6 25. dxe6 Nxe6 26. Bxg7 Kxg7 27. Nd5 Nxd5 28. Qxd5 Nf4 29. Qd2 e5 30. g3 Nh5 (30... Nxe2+ $142 31. Qxe2 Qb7) 31. Qg5 {[%emt 0:00:59] Strongly threatening Nh4.} f6 32. Qg4 {[%emt 0:01:44] Nh4 is the strong threat.} Kh6 33. Nh4 Rg8 34. Qe6 {[%emt 0:00:47] Bxh5 would kill now.} Qd8 35. Bxh5 Kxh5 36. Ra6 (36. Qh3 $142 Qd7 37. Qxd7 Rh8 38. Qg7 Rg8 39. Qxg8 g5 {[#]} 40. f3 $1 gxh4 41. Ra7 hxg3 42. Rh7#) 36... d5 37. Rd6 {[%emt 0:00:09] White mates.} Qa5 38. Qxg8 Qe1+ 39. Kg2 Qe4+ 40. Nf3 Kg4 41. Qxd5 {[%emt 0:00:38] Black did not feel at home in the position after the opening.  Weighted Error Value: White=0.28 (precise) /Black=0.84} 1-0

[Event "Swiss Championship U16 2022"]
[Site "Biel"]
[Date "2022.07.19"]
[Round "3.2"]
[White "Kasipour Azbari, Seyed Arvin"]
[Black "Erne, Raphael"]
[Result "1-0"]
[ECO "B11"]
[WhiteElo "1944"]
[BlackElo "2060"]
[Annotator "TA"]
[PlyCount "85"]
[EventDate "2022.07.18"]
[EventType "swiss"]
[EventCountry "SUI"]
[SourceTitle "playchess.com"]
[Source "ChessBase"]
[SourceQuality "1"]
[TimeControl "5400+30"]

1. e4 c6 2. Nf3 d5 3. Nc3 Nf6 4. e5 Ne4 5. Ne2 Qb6 {[%emt 0:00:07][%csl Ge4][%cal Rb6f2] [#]} 6. d4 $1 {[%emt 0:00:07] B11: Caro-Kann: Two Knights Variation.} e6 7. Ng3 $1 {[%emt 0:01:33] 7.Ng3 scores better than 7.Nfg1.} c5 8. Bd3 {[%emt 0:00:39] White has an edge.} Nxg3 $1 9. fxg3 h6 (9... cxd4 $142 10. O-O Nc6) 10. O-O $11 {[%emt 0:00:50][%cal Od3g6] White wants to play Bg6! Active counter play!} Nc6 11. dxc5 Bxc5+ 12. Kh1 Bd7 13. c3 {[%emt 0:03:54] Against Nb4} a5 {[%emt 0:10:44] [#]} 14. Qc2 $146 (14. Qe2 O-O-O 15. Bd2 Qc7 16. b4 Bb6 17. Rfc1 Kb8 18. Rab1 g5 19. b5 Ne7 20. c4) ({Predecessor:} 14. Qe2 O-O-O 15. Bd2 Qc7 16. b4 Bb6 17. Rfc1 Kb8 18. Rab1 g5 19. b5 Ne7 20. c4 {1-0 (30) Tuncer,T (2342)-Tuna,A (2253) Manavgat 2018}) 14... Rc8 15. Qe2 {[%emt 0:09:05] White stays focused until the end.} d4 (15... Kf8) 16. Nh4 g5 17. Nf3 dxc3 (17... a4 $16 {was worth a try.}) 18. bxc3 $18 Ne7 (18... Qc7 19. Bb2 Kf8) (18... Qc7 {was called for.} 19. Bb2 Kf8) 19. Nd2 Nd5 20. Ne4 Be7 21. Qh5 Kd8 22. Rb1 Qc6 23. Bb5 Qxb5 24. Rxb5 Bxb5 25. Rd1 ({Weaker is} 25. Rxf7 Be8 $18) ({Less strong is} 25. Qxf7 Bxf1 26. Qxf1 Rc6 $14) 25... Ke8 {[%emt 0:00:49] [#]} (25... Be8 $142 26. Qf3 Rc4) 26. Bxg5 $1 Be2 (26... Rc4 27. Nd6+) 27. Qxe2 hxg5 28. c4 Nb4 29. c5 {[%emt 0:00:53] And now Qb5+ would win.} Nd5 30. Nd6+ Bxd6 31. cxd6 Rc5 32. Qb2 b6 33. Rc1 {[%emt 0:00:41] Threatens to win with Rxc5.} Rxc1+ 34. Qxc1 {[%emt 0:00:02][%cal Rc1c8][%mdl 4096] Endgame KQ-KRN} Kd7 {[%emt 0:00:28] Against Qc8+} 35. Qxg5 Rc8 36. h4 b5 37. Qg7 Rc1+ 38. Kh2 Rf1 {[%emt 0:00:09] White is clearly winning.} 39. Qf8 {[%emt 0:00:57] Black must now prevent Qa8.} Ne3 40. Qe7+ Kc6 41. Qc7+ Kd5 42. g4 (42. d7 $2 {gets mated.} Ng4+ 43. Kh3 Nf2+ 44. Kh2 Rh1#) 42... Rd1 43. Kg3 {[%emt 0:01:54] Weighted Error Value: White=0.29 (precise) /Black=0.44} 1-0

[Event "Swiss Championship U16 2022"]
[Site "Biel"]
[Date "2022.07.19"]
[Round "3.3"]
[White "Zargarov, Mikayel"]
[Black "Rotunno, Flavio"]
[Result "1-0"]
[ECO "E05"]
[WhiteElo "1994"]
[BlackElo "1901"]
[Annotator "TA"]
[PlyCount "139"]
[EventDate "2022.07.18"]
[EventType "swiss"]
[EventCountry "SUI"]
[SourceTitle "playchess.com"]
[Source "ChessBase"]
[SourceQuality "1"]
[TimeControl "5400+30"]

1. d4 Nf6 2. c4 e6 3. g3 d5 4. Bg2 Be7 5. Nf3 O-O 6. O-O dxc4 7. Ne5 c5 8. dxc5 Qxd1 9. Rxd1 Bxc5 10. Nc3 Nbd7 {[%emt 0:01:50] E05: Open Catalan: 5 Nf3 Be7.} 11. Nxc4 {[%emt 0:06:11] White is much more active. The black rooks are badly placed.} Nb6 12. Nxb6 Bxb6 {[%emt 0:03:25] White is better.} 13. b3 e5 {[%emt 0:08:50] [#]} 14. Bb2 $146 ({Predecessor:} 14. h3 Bd4 15. Bb2 Rb8 16. g4 {1-0 (16) Salimov,E (2155)-Press,H ICCF email 2014}) 14... Bg4 15. h3 Bh5 16. g4 (16. Bxb7 Rad8 17. g4 Bg6) 16... Bg6 17. Bxb7 Rab8 18. Bg2 h5 (18... Rfd8 {was necessary.} 19. g5 Ne8) 19. g5 $18 Nh7 20. h4 f6 21. Nd5 {[%emt 0:02:46] Threatens to win with Ne7+.} fxg5 22. Nxb6 (22. Bxe5 Bxf2+ 23. Kh1 Rbe8 $15) (22. Ne7+ $18 {and the rest is easy.} Kf7 23. Nc6) 22... axb6 23. hxg5 (23. Bxe5 Rbe8 24. Bc7 gxh4) 23... Rf5 (23... Nxg5 $16 24. Bxe5 Rbe8) 24. Rd7 (24. Bd5+ $6 Kh8 $16) (24. Rd6 $18 Be8 25. Re6 (25. Bd5+ Kh8 $18)) 24... Rxg5 25. f4 $1 Bf5 26. fxg5 Bxd7 27. g6 (27. Bxe5 Re8 28. Bf4 (28. Bd5+ Be6 $14) 28... Rxe2) (27. Rd1 $18 Bg4 28. Bxe5) 27... Nf8 28. Be4 $1 (28. Bxe5 Re8 29. Bc7 (29. Bd5+ Be6 $14) 29... Nxg6 $16) 28... Bg4 29. Kf2 (29. Bxe5 $6 Re8 30. Bd5+ Be6 $14) 29... Rd8 {[%emt 0:00:49] Against Rd1} 30. Ke3 {[%emt 0:00:43] Against Rd2} (30. Bxe5 $6 Re8 31. Bd5+ Kh8 $11) 30... Rd6 (30... h4 $16 {keeps fighting.} 31. Rh1 (31. Bxe5 Re8 $16) 31... h3 32. Bxe5 Bc8) 31. Bxe5 Rd8 32. Bd4 {[%emt 0:00:27] A strong pair of Bishops.} Re8 {[%emt 0:00:41] [#]} 33. Kd3 ({But not} 33. Bxb6 $2 Bf5 34. a4 Bxe4 $19) ({White should play} 33. Rf1 $1 $16) 33... Bxe2+ $1 $14 {[%emt 0:00:00][%mdl 64] Decoy} 34. Kxe2 Rxe4+ {[%emt 0:00:00][%mdl 4096] Endgame KRB-KRN} 35. Kd3 Re6 36. a4 Nxg6 37. b4 Nf4+ 38. Kc4 Re4 {[%emt 0:00:36] ...Ne6 is the strong threat.} 39. Rd1 h4 40. a5 bxa5 41. bxa5 {[%emt 0:01:04] Black must now prevent a6.} Re6 (41... Ne6 $5 42. a6 Nc7 $11) 42. Rg1 g6 (42... h3 $11 {keeps the balance.}) 43. Rg4 $16 Ne2 44. Rxh4 ({Better is} 44. Bb6 $16) 44... Nxd4 $11 45. Rxd4 $16 {[%emt 0:00:00] aiming for Rd7. KR-KR} Re1 $2 (45... Kg7 $11 {and Black is okay.}) 46. Kb5 $18 Re5+ 47. Kb6 Re6+ 48. Kc5 $2 (48. Kb7 $18 {Rd7 would kill now.} Kf7 49. a6) 48... Re5+ $2 (48... Kh7 $11) 49. Rd5 Re1 50. a6 Kf7 51. a7 Re8 52. Kb6 Ke6 53. Rc5 Kd7 54. Rc7+ Ke6 55. Kb7 $2 (55. Rb7 Ra8 56. Rb8 Rxa7 57. Kxa7 g5 58. Rb5 Kf6 59. Kb6 Kg6 60. Kc5) 55... Kf5 56. Rc8 Re7+ 57. Rc7 Re8 58. a8=Q (58. Rc8 Re7+ 59. Rc7 Re8) 58... Rxa8 59. Kxa8 $11 {[%emt 0:00:42] White threatens Kb7 and mate. KR-KP} Kg4 $2 (59... Ke4 $11) 60. Kb7 g5 61. Kc6 $2 (61. Rf7 {mates} Kh3 62. Kc6 g4 63. Kd5 g3 64. Ke4 g2 65. Kf3 g1=N+ 66. Kf2) 61... Kf3 $1 62. Rf7+ Ke4 $2 {[%emt 0:00:10][%mdl 8192] [#] This move loses the game for Black.} (62... Ke3 $11) 63. Rg7 $1 {[%emt 0:00:03] White mates.} Kf4 64. Kd5 g4 65. Kd4 Kf3 66. Kd3 g3 67. Rf7+ Kg2 68. Ke2 Kh1 69. Rg7 g2 70. Kf2 {[%emt 0:00:00] Weighted Error Value: White=0.29 (precise) /Black=0.55} 1-0

[Event "Swiss Championship U16 2022"]
[Site "Biel"]
[Date "2022.07.19"]
[Round "3.4"]
[White "Doetsch-Thaler, Nicos"]
[Black "Schellenberg, Simon"]
[Result "1-0"]
[ECO "B01"]
[WhiteElo "1837"]
[BlackElo "1899"]
[Annotator "NA RC COMBH"]
[PlyCount "95"]
[EventDate "2022.07.18"]
[EventType "swiss"]
[EventCountry "SUI"]
[SourceTitle "playchess.com"]
[Source "ChessBase"]
[SourceQuality "1"]
[TimeControl "5400+30"]

1. e4 d5 2. exd5 Nf6 3. Nf3 Nxd5 4. d4 Bf5 5. Bd3 Bxd3 6. Qxd3 e6 7. O-O c6 8. c4 Nf6 9. Nc3 Be7 10. Bf4 O-O 11. Rad1 h6 (11... Re8 $14) 12. Qe2 Re8 13. Rd3 Qa5 {[%emt 0:13:26] [#]} 14. Ne5 $1 Bf8 15. Rg3 g6 $2 {[%emt 0:17:36] [#]} (15... Nbd7 16. Bxh6 g6) 16. Qd2 $2 (16. Nxg6 $1 fxg6 17. Rxg6+ Bg7 18. Bxh6) 16... Nh5 17. Bxh6 Bd6 18. Qg5 Nxg3 19. fxg3 Bxe5 20. dxe5 Nd7 21. Qf4 Rf8 {[%emt 0:00:34] [#]} 22. Bxf8 (22. Rd1 $1 $18 Qc5+ 23. Kf1) 22... Rxf8 23. Re1 Qb6+ 24. Qf2 Qa5 25. Qd4 Qb6 26. Qxb6 Nxb6 27. b3 Rd8 28. Ne4 Nc8 29. Kf2 b6 30. Ke3 c5 31. Rf1 Kg7 $18 (31... Ne7 $16) 32. Rf2 Ne7 33. Nd6 Rf8 34. Ke4 a6 35. g4 g5 36. g3 Ng6 37. Rf1 Kg8 38. Rh1 f5+ 39. gxf5 exf5+ 40. Nxf5 Re8 41. Nh6+ Kg7 42. Ng4 Rd8 43. Rf1 Rd4+ 44. Kf5 b5 45. cxb5 axb5 46. Rc1 c4 47. bxc4 bxc4 48. Ne3 1-0

[Event "Swiss Championship U16 2022"]
[Site "Biel"]
[Date "2022.07.19"]
[Round "3.5"]
[White "Palmonella, Valentin"]
[Black "Knapp, Yanik"]
[Result "1/2-1/2"]
[ECO "B40"]
[WhiteElo "1778"]
[BlackElo "1675"]
[Annotator "NA RC COMBH"]
[PlyCount "69"]
[EventDate "2022.07.18"]
[EventType "swiss"]
[EventCountry "SUI"]
[SourceTitle "playchess.com"]
[Source "ChessBase"]
[SourceQuality "1"]
[TimeControl "5400+30"]

1. e4 c5 2. Nf3 e6 3. b3 d5 4. exd5 exd5 5. d4 Nf6 6. Be2 Nc6 7. O-O Be6 8. Re1 cxd4 9. Nxd4 Nxd4 10. Qxd4 Be7 11. Bb5+ Nd7 12. Qxg7 Bf6 13. Rxe6+ fxe6 14. Bxd7+ Qxd7 15. Qxf6 Rf8 16. Qd4 Rc8 17. Bh6 Rg8 18. c4 dxc4 19. Qxd7+ Kxd7 20. bxc4 Rxc4 21. Nd2 Rc2 22. Nf3 Rgc8 23. g3 R8c3 24. Ne1 Re2 25. Kf1 Re4 26. Rb1 b6 27. Rb2 Rc5 28. Bf8 Rc8 29. Bb4 Rcc4 30. Nc2 Rxc2 31. Rxc2 Rxb4 32. Ke2 Kd6 33. f4 h5 34. Ke3 Ra4 35. Kd3 1/2-1/2

[Event "Swiss Championship U16 2022"]
[Site "Biel"]
[Date "2022.07.19"]
[Round "3.6"]
[White "Hirzel, Cedric"]
[Black "Kwiatkowski, Jakub"]
[Result "1/2-1/2"]
[ECO "E05"]
[WhiteElo "1649"]
[BlackElo "1770"]
[Annotator "NA RC COMBH"]
[PlyCount "62"]
[EventDate "2022.07.18"]
[EventType "swiss"]
[EventCountry "SUI"]
[SourceTitle "playchess.com"]
[Source "ChessBase"]
[SourceQuality "1"]
[TimeControl "5400+30"]

1. d4 Nf6 2. c4 e6 3. g3 d5 4. Nf3 Be7 5. Bg2 O-O 6. O-O dxc4 7. Qc2 a6 8. a4 Bd7 9. Ne5 Nd5 10. Qxc4 Bb5 11. Qb3 Bc6 12. Rd1 Nb4 13. e4 Nd7 14. Ng4 b5 15. a5 Bb7 16. d5 exd5 17. exd5 Bc5 18. Bd2 Qe7 19. d6 Qe2 20. Bxb7 Qxg4 21. Bxb4 Rab8 22. Bxc5 Nxc5 23. Qf3 Qe6 24. Bd5 Qxd6 25. Bxf7+ Rxf7 26. Rxd6 Rxf3 27. Rc6 Nd3 28. Rxa6 Rbf8 29. Re6 Rxf2 30. Nc3 Rxb2 31. Ne4 Nf2 1/2-1/2